 Dungeon Crawl Stone Soup version 0.21.0 (webtiles) character file.

12 tidbits the Sneak (level 2, -2/18 HPs)
             Began as an Octopode Air Elementalist on Jan 7, 2018.
             Killed by divine providence
             ... invoked by an orc priest
              (8 damage)
             ... on level 2 of the Dungeon.
             The game lasted 00:01:28 (178 turns).

tidbits the Sneak (Octopode Air Elementalist)        Turns: 178, Time: 00:01:28

Health: -2/18      AC:  1    Str:  7    XL:     2   Next: 33%
Magic:  5/5        EV: 13    Int: 17    God:
Gold:   0          SH:  0    Dex: 12    Spells: 4/5 levels left

rFire    . . .     SeeInvis .   c - +0 dagger (venom)
rCold    . . .     Gourm    .   (no shield)
rNeg     . . .     Faith    .   (helmet restricted)
rPois    .         Spirit   .   (no amulet)
rElec    .         Reflect  .   (no ring)
rCorr    .         Harm     .   (no ring)
MR       .....                  (no ring)
Stlth    +++.......             (no ring)
HPRegen  0.06/turn              (no ring)
MPRegen  0.09/turn              (no ring)
                                (no ring)
                                (no ring)

@: no status effects
A: almost no armour, stealthy swim, amphibious, 8 rings, constrict 8, camouflage
1, gelatinous body 1
a: no special abilities


You were on level 2 of the Dungeon.
You were not hungry.

You visited 1 branch of the dungeon, and saw 2 of its levels.

Inventory:

Hand Weapons
 c - a +0 dagger of venom (weapon)
   (You took it off a goblin on level 1 of the Dungeon)
Books
 a - a book of Air

   Spells                             Type                      Level
   a - Shock                          Conjuration/Air              1
   b - Swiftness                      Charms/Air                   2
   c - Static Discharge               Conjuration/Air              3
   d - Airstrike                      Air                          4
   e - Lightning Bolt                 Conjuration/Air              5
Comestibles
 b - a ration
 d - 2 chunks of flesh


   Skills:
 + Level 1.0 Fighting
 - Level 2.0 Dodging
 + Level 3.5 Stealth
 - Level 0.4 Unarmed Combat
 - Level 2.0 Spellcasting
 - Level 1.0 Conjurations
 - Level 3.0 Air Magic


You had 4 spell levels left.
You knew the following spells:

 Your Spells              Type           Power        Failure   Level  Hunger
z - Shock                 Conj/Air       #...         9%          1    #......


Dungeon Overview and Level Annotations

Branches:
Dungeon (2/15)

Altars:


Innate Abilities, Weirdness & Mutations

You cannot wear most types of armour.
You are very stealthy in the water. (Stealth+)
You are amphibious.
You can wear up to eight rings at the same time.
You can use your tentacles to constrict eight enemies at once.
Your skin changes colour to match your surroundings (Stealth+).
Your rubbery body absorbs attacks. (AC +1, EV +1)


Message History

The goblin is moderately wounded.
The kobold shouts!
The goblin barely misses you.
You tentacle-slap the goblin. You grab the goblin.
The goblin is severely wounded.
You constrict the goblin.
You kill the goblin!
You see here a dagger of venom.
c - a dagger of venom Wield which item (- for none, * to show all)? (? for menu, Esc to quit)
Your +0 dagger of venom begins to drip with poison!
c - a +0 dagger of venom (weapon)
A frilled lizard comes into view.
You closely miss the kobold. You grab the kobold. You constrict the kobold.
The hobgoblin shouts!
The kobold barely misses you.
You hit the kobold but do no damage.
The kobold is poisoned.
You constrict the kobold. The kobold hits you with a club.
You hit the kobold.
You kill the kobold!
Your Stealth skill increases to level 3!
The frilled lizard hisses angrily.
You hear a shout!
Unknown command.
You see here a club.
You hit the hobgoblin but do no damage. You grab the hobgoblin.
You constrict the hobgoblin. The hobgoblin hits you with a club.
You hit the hobgoblin.
The hobgoblin is heavily wounded.
You constrict the hobgoblin. The hobgoblin hits you with a club.
* * * LOW HITPOINT WARNING * * *
You barely miss the hobgoblin.
The hobgoblin is almost dead.
You constrict the hobgoblin.
You kill the hobgoblin!
You barely miss the frilled lizard. Your grab misses the frilled lizard.
You squeeze the frilled lizard.
You kill the frilled lizard!
A goblin comes into view. It is wielding a dagger.
A goblin is nearby!
The helpless goblin fails to defend itself.
You puncture the goblin!
You kill the goblin!
Things that are here:
a dagger; a goblin corpse
Things that are here:
a dagger; a goblin corpse
Found a stone staircase leading down.
There is a stone staircase leading down here.
A goblin comes into view.
A frilled lizard comes into view.
The goblin shouts!
The frilled lizard hisses angrily.
You hit the goblin.
You kill the goblin!
You have reached level 2!
You hit the frilled lizard.
You kill the frilled lizard!
You see here a goblin corpse.
You butcher the goblin corpse.
d - 2 chunks of flesh
Okay, then.
There is a stone staircase leading down here.
You climb downwards.
A goblin comes into view. It is wielding a dagger.
There is a stone staircase leading up here.
The helpless goblin fails to defend itself.
You puncture the goblin!
You kill the goblin!
Things that are here:
a dagger; a goblin corpse A kobold comes into view.
It is wielding a club.
The helpless kobold fails to defend itself.
You puncture the kobold!
You kill the kobold!
Things that are here:
a club; 4 stones; a kobold corpse A hobgoblin and an orc priest come into view.
The helpless hobgoblin fails to defend itself.
You puncture the hobgoblin!
You kill the hobgoblin!
Your Fighting skill increases to level 1!
Unknown command.
You see here a hobgoblin corpse.
A quokka and an orc come into view.
The orc shouts!
The orc priest shouts!
You hear a shout! x2
The quokka moves out of view.
You aren't carrying any potions.
Unknown command.
You hit the orc priest but do no damage.
The orc priest is poisoned.
You grab the orc priest. You constrict the orc priest.
The orc priest mumbles some strange prayers to Beogh against you.
Pain shoots through your body!
* * * LOW HITPOINT WARNING * * *
You hit the orc priest but do no damage.
The orc priest looks even sicker.
The orc priest is lightly wounded.
You constrict the orc priest.
The orc priest calls down the wrath of Beogh upon you.
Beogh smites you!
You die...

#.# #.# ..# #.# #.#
#.#####.# ......oo#
#@# #.# #.#
#†####### #.#.....#
# #.#.###.# .#
#.....#)# #.#
#...#.#.#.##.# #####
#####.....#.###.....


You could see an orc priest and an orc.

Vanquished Creatures
  4 goblins
  2 hobgoblins
  2 frilled lizards (D:1)
  2 kobolds
  2 rats (D:1)
12 creatures vanquished.

Notes
Turn   | Place    | Note
-------+----------+-------------------------------------------
     0 | D:1      | tidbits the Octopode Air Elementalist began the quest for the Orb.
     0 | D:1      | Reached XP level 1. HP: 11/11 MP: 3/3
     0 | D:1      | Noticed a shadow dragon
     0 | D:1      | Noticed a large abomination
     0 | D:1      | Noticed an orb of fire
     1 | D:1      | Noticed a large abomination
     3 | D:1      | Noticed a tentacled monstrosity
     5 | D:1      | Noticed a shadow dragon
     6 | D:1      | Noticed an orb of fire
     7 | D:1      | Noticed a large abomination
     8 | D:1      | Noticed a shadow dragon
    10 | D:1      | Noticed a green draconian
    10 | D:1      | Noticed a shadow dragon
    12 | D:1      | Noticed a tentacled monstrosity
    12 | D:1      | Noticed an orb of fire
    14 | D:1      | Noticed a shadow dragon
    16 | D:1      | Noticed a red draconian
    18 | D:1      | Noticed a black draconian
    18 | D:1      | Noticed a tentacled monstrosity
    20 | D:1      | Noticed a shadow dragon
    52 | D:1      | Reached skill level 3 in Stealth
   127 | D:1      | Reached XP level 2. HP: 10/18 MP: 5/5
   172 | D:2      | Reached skill level 1 in Fighting
   178 | D:2      | Killed from afar by an orc priest

Skill      XL: |  1  2 |
---------------+-------+-----
Stealth        | 3 |  3.5
Fighting       | 1 |  1.0
Dodging        | |  2.0
Unarmed Combat | |  0.4
Spellcasting   | |  2.0
Conjurations   | |  1.0
Air Magic      | |  3.0

Action                   || total
-------------------------++-------
Melee: Dagger            ||    15
       Constrict         ||     6
       Unarmed           ||     4
       Tentacles         ||     2
 Stab: Sleeping          ||     6
Dodge: Dodged            ||     2

Table legend:
 A = Turns spent in this place as a percentage of turns spent in the entire game.
 B = Non-inter-level travel turns spent in this place as a percentage of non-inter-level travel turns spent in the entire game.
 C = Inter-level travel turns spent in this place as a percentage of turns spent in this place.
 D = Turns resting spent in this place as a percentage of non-inter-level travel turns spent in this place.
 E = Turns spent auto-exploring this place as a percentage of non-inter-level travel turns spent in this place.
 F = Non-inter-level travel turns spent in this place divided by the number of levels of this place that you've seen.
                   A       B       C       D       E      F
               +-------+-------+-------+-------+-------+----------------------
         Total | 100.0 | 100.0 |  16.3 |   0.0 |   0.0 |  74.5
       Dungeon | 100.0 | 100.0 |  16.3 |   0.0 |   0.0 |  74.5
               +-------+-------+-------+-------+-------+----------------------

Table legend:
 A = Kills in this place as a percentage of kills in entire the game.
 B = Kills by you in this place as a percentage of kills by you in the entire game.
 C = Kills by friends in this place as a percentage of kills by friends in the entire game.
 D = Other kills in this place as a percentage of other kills in the entire game.
 E = Experience gained in this place as a percentage of experience gained in the entire game.
 F = Experience gained in this place divided by the number of levels of this place that you have seen.
                   A       B       C       D       E      F
               +-------+-------+-------+-------+-------+----------------------
         Total | 100.0 | 100.0 |   N/A |   N/A | 100.0 |   9.0
       Dungeon | 100.0 | 100.0 |   N/A |   N/A | 100.0 |   9.0
               +-------+-------+-------+-------+-------+----------------------

Vault maps used:
D:1:      shiori_arrival_whats_in_store_for_you
D:2:      minitemple, serial_bayou_pond_b, kennysheep_path_1,
          minmay_crystal_room, hangedman_abyss_or_decor_stabs,
          kennysheep_generic_room_3
